 Dungeon Crawl Stone Soup version 0.30-a0-250-g41c1d76940 (webtiles) character file.

Game seed: 507215787406265965

2701 Iusername the Protected (level 9, -5/82 HPs)
             Began as a Minotaur Fighter on Oct 12, 2022.
             Was an Initiate of Gozag.
             Slain by a yak (10 damage)
             ... on level 7 of the Dungeon.
             The game lasted 00:08:37 (6709 turns).

Iusername the Protected (Minotaur Fighter)          Turns: 6709, Time: 00:08:38

Health: -5/82      AC: 14    Str: 26    XL:     9   Next: 38%
Magic:  8/8        EV:  7    Int:  5    God:    Gozag
Gold:   601        SH:  0    Dex:  9    Spells: 8/8 levels left

rFire   . . .      SeeInvis .    t - +0 battleaxe
rCold   . . .      Faith    .    (shield currently unavailable)
rNeg    . . .      Spirit   .    l - +1 plate armour
rPois   .          Reflect  .    (helmet restricted)
rElec   .          Harm     .    (no cloak)
rCorr   .          Rampage  .    (no gloves)
Will    .....                    (no boots)
Stlth   ..........               (no amulet)
HPRegen 0.33/turn                (no ring)
MPRegen 0.11/turn                (no ring)

@: mighty, gold aura
A: horns 2, retaliatory headbutt
a: Renounce Religion, Potion Petition, Call Merchant, Bribe Branch


You were on level 7 of the Dungeon.
You worshipped Gozag.
Gozag was pleased with you.
You visited 1 branch of the dungeon, and saw 7 of its levels.

You collected 703 gold pieces.
You paid 102 gold pieces to Gozag.

Inventory:

Hand Weapons
 a - a +3 war axe
 t - a +0 battleaxe (weapon)
Missiles
 b - a throwing net (quivered)
Armour
 l - a +1 plate armour (worn)
Jewellery
 e - a ring of ice
 j - an amulet of the acrobat
 s - a +6 ring of dexterity
 w - a ring of fire
 y - a +4 ring of evasion
 A - an amulet of guardian spirit
Wands
 z - a wand of polymorph (14)
Scrolls
 c - a scroll of poison {unknown}
 f - 4 scrolls of teleportation
 i - a scroll of fear
 m - a scroll of identify
 n - a scroll of amnesia
 p - 5 scrolls of immolation
 q - a scroll of fog {unknown}
 r - a scroll of vulnerability
 x - 3 scrolls of magic mapping {unknown}
Potions
 d - a potion of invisibility {unknown}
 g - 4 potions of curing
 h - a potion of lignification {unknown}
 k - 2 potions of magic
 o - 3 potions of flight {unknown}
 v - a potion of attraction {unknown}


   Skills:
 + Level 8.5 Fighting
 + Level 8.1 Axes
 + Level 8.6 Armour
 + Level 8.5 Shields


You had 8 spell levels left.
You didn't know any spells.
Your spell library contained the following spells:

 Spells                   Type           Power      Damage    Failure   Level
 Cigotuvi's Dreadful Rot  Necr/Pois/Air  0%         N/A       100%        2
 Poisonous Vapours        Pois/Air       0%         N/A       100%        2
 Mephitic Cloud           Conj/Pois/Air  0%         N/A       100%        3


Dungeon Overview and Level Annotations

Branches:
Dungeon (7/15)             Temple (0/1) D:6

Altars:
Ashenzari
Cheibriados
Dithmenos
Gozag
Hepliaklqana
Makhleb
Nemelex Xobeh
Qazlal
Ru
Trog
Uskayaw
Vehumet
Wu Jian
Yredelemnul
The Shining One

Shops:
D:2 (   D:6 !

Annotations:
D:4 3 runed translucent doors, Selrock's ghost, amateur KoBr


Innate Abilities, Weirdness & Mutations

You have a pair of horns on your head.
You reflexively headbutt those who attack you in melee.


Message History

You are too injured to fight recklessly!
You hit the yak. You headbutt the yak.
The yak is severely wounded.
You slash the yak! The yak gores you! The yak barely misses you.
You completely miss the yak.
The yak is severely wounded.
You barely miss the yak. The yak gores you!
The yak gores you but does no damage.
The orc priest is distracted by your dazzling golden aura.
The yak gores you.
* * * LOW HITPOINT WARNING * * *
The yak gores you!
* * * LOW HITPOINT WARNING * * *
You feel better. The yak gores you.
* * * LOW HITPOINT WARNING * * *
The yak gores you!
* * * LOW HITPOINT WARNING * * *
The shadow imp shouts, "Bolt, thou unhinged nut-hook baggage!"
You feel very mighty all of a sudden. The yak gores you.
* * * LOW HITPOINT WARNING * * *
The yak gores you but does no damage.
The orc priest shouts!
You slash the yak!
You kill the yak!
You barely miss the yak.
You hear a shout! x2
The yak closely misses you.
The orc priest is distracted by your dazzling golden aura.
You slice the yak!!
The yak is almost dead.
The orc priest is no longer distracted by gold.
The yak is distracted by your dazzling golden aura.
You barely miss the yak.
The yak is no longer distracted by gold.
The yak bellows!
The yak is almost dead.
The yak gores you!
You die...
Your body crumbles into a pile of gold.

#....# $
#....###.
.........
.....####
#....#8P$ $
#Y...#~.)
#Y#..####
#@$..#o≈.
#....#o≈.
#....#K≈P
##....#5≈~
#.....#5≈~
#.###.#.≈.
###.....#.≈.
#.....#.####
#.....#.#P..


You could see a kobold demonologist, 2 yaks, 2 orc priests and 2 shadow imps.

Vanquished Creatures
  A wyvern (D:7)
  3 yaks (D:7)
  Eustachio (D:4)
  3 water moccasins (D:6)
  A black bear (D:4)
  An ice beast (D:6)
  An orc warrior (D:6)
  An ogre (D:7)
  6 necrophages
  4 scorpions
  3 wights (D:5)
  2 orc priests (D:6)
  4 hounds
  A gnoll bouda (D:4)
  2 iguanas
  3 orc wizards (D:6)
  5 gnolls (D:4)
  9 adders
  An ufetubus (D:4)
  2 worms
  2 dart slugs
  16 orcs
  5 endoplasms
  7 goblins
  5 hobgoblins
  8 jackals
  6 kobolds
  4 quokkas
  7 ball pythons
  A bat (D:1)
  A frilled lizard (D:2)
  2 rats
118 creatures vanquished.

Vanquished Creatures (others)
  A wizard (D:5)
1 creature vanquished.

Grand Total: 119 creatures vanquished

Notes
Turn   | Place    | Note
-------+----------+-------------------------------------------
     0 | D:1      | Iusername the Minotaur Fighter began the quest for the Orb.
     0 | D:1      | Reached XP level 1. HP: 19/19 MP: 0/0
     6 | D:1      | Noticed a water moccasin
     6 | D:1      | Noticed a rime drake
     6 | D:1      | Noticed a swamp worm
     7 | D:1      | Noticed a black bear
     7 | D:1      | Noticed a killer bee
   147 | D:1      | Reached XP level 2. HP: 27/27 MP: 1/1
   609 | D:1      | Found a faded altar of an unknown god.
   741 | D:2      | Found Goocw's Weapon Boutique.
   894 | D:2      | Reached XP level 3. HP: 33/33 MP: 2/2
  1511 | D:3      | Found a sparkling altar of Nemelex Xobeh.
  1693 | D:3      | Found a glowing golden altar of the Shining One.
  1728 | D:3      | Found a burning altar of Makhleb.
  1820 | D:3      | Reached XP level 4. HP: 37/40 MP: 3/3
  2107 | D:4      | Noticed Eustachio
  2112 | D:4      | Noticed a black bear
  2124 | D:4      | Killed a black bear
  2125 | D:4      | Reached XP level 5. HP: 4/47 MP: 4/4
  2130 | D:4      | Killed Eustachio
  2131 | D:4      | Reached skill level 5 in Fighting
  2131 | D:4      | Reached skill level 5 in Armour
  2131 | D:4      | Reached skill level 5 in Shields
  2131 | D:4      | Reached XP level 6. HP: 12/56 MP: 5/5
  2475 | D:4      | Identified the +4 dagger "Soaps" {drain, rF+ Will+ SInv}
  2546 | D:4      | Found a shadowy altar of Dithmenos.
  2616 | D:4      | Found a runed translucent gate.
  2616 | D:4      | Found a runed translucent gate.
  2616 | D:4      | Found a runed translucent gate.
  2631 | D:4      | Found a hazy altar of Hepliaklqana.
  2715 | D:4      | Noticed Selrock's ghost (amateur KoBr)
  2756 | D:4      | Found a radiant altar of Vehumet.
  3119 | D:4      | Identified the +8 whip "Bedor" {speed, rF+ Int-4 Dex+4}
  3376 | D:5      | Entered Level 5 of the Dungeon
  3421 | D:5      | Found a snail-covered altar of Cheibriados.
  3457 | D:5      | Reached skill level 5 in Axes
  3457 | D:5      | Reached XP level 7. HP: 60/62 MP: 6/6
  3485 | D:5      | Found a sacrificial altar of Ru.
  3585 | D:5      | Found an opulent altar of Gozag.
  3629 | D:5      | Became a worshipper of Gozag Ym Sagoz the Greedy
  3640 | D:5      | Found a bloodstained altar of Trog.
  3642 | D:5      | Noticed a wizard
  3647 | D:5      | Killed a wizard
  3777 | D:5      | Found a basalt altar of Yredelemnul.
  3894 | D:5      | Found a broken altar of Ashenzari.
  3915 | D:5      | Found an ornate altar of the Wu Jian Council.
  4056 | D:5      | Reached XP level 8. HP: 5/65 MP: 7/7
  4714 | D:6      | Found a stormy altar of Qazlal.
  4906 | D:6      | Found Rovvuh's Distillery.
  5365 | D:6      | Found a hide-covered altar of Uskayaw.
  5753 | D:6      | Reached XP level 9. HP: 81/81 MP: 8/8
  5935 | D:6      | Found a staircase to the Ecumenical Temple.
  6686 | D:7      | Noticed a kobold demonologist
  6706 | D:7      | HP: 4/82 [yak (2)]
  6709 | D:7      | Slain by a yak

Illustrated notes

Levels and vault maps discovered:
D:1:      onia_arrival_zoo_common, layout_loops_ring, basic_ecumenical_altar
D:2:      layout_loops_cross, serial_shops, shop, minmay_misc_feat_secret_circle
D:3:      layout_rooms, mainiacjoe_overflow_alcove_1, lemuel_round_altar,
          lightli_temple_of_fire, chequers_serial_rivers_micro_a
D:4:      layout_cave_pools, overflow_temple_1_default,
          mainiacjoe_overflow_boulevard, kennysheep_little_box,
          biasface_ghost_orc_armoury, uniq_eustachio
D:5:      layout_loops_cross, mainiacjoe_overflow_surrounded_room,
          mainiacjoe_overflow_swirl, nicolae_gozag_seed_capital,
          mainiacjoe_overflow_brackets, trog_wizard,
          mainiacjoe_overflow_small_starburst
D:6:      layout_gridville, grunt_qazlal_clouds,
          nicolae_uskayaw_murder_on_the_dancefloor, temple_statues,
          serial_shops, shop
D:7:      gammafunk_wand_slinger, layout_rooms, amcnicky_altar_gilded,
          kennysheep_mini, st_stairs_14, uniq_duvessa

Skill      XL: |  1  2  3  4  5  6  7  8  9 |
---------------+----------------------------+-----
Fighting       | 4 5 6 7 8 |  8.5
Armour         | 4 5 6 8 |  8.6
Shields        | 4 5 6 7 8 |  8.5
Axes           | 3 4 5 6 7 8 |  8.1

Action                   |  1- 3 |  4- 6 |  7- 9 || total
-------------------------+-------+-------+-------++-------
Melee: War axe           |    96 |    87 |    43 ||   226
       Headbutt          |    15 |     8 |    30 ||    53
       Battleaxe         |       |       |   143 ||   143
  Use: Potion            |       |     3 |     5 ||     8
       Scroll            |       |    12 |       ||    12
Armor: Scale mail        |    35 |       |       ||    35
       Plate armour      |    20 |    96 |   172 ||   288
Dodge: Dodged            |    39 |    47 |    73 ||   159
Block: Buckler           |    18 |    33 |    13 ||    64

Table legend: (Time is in decaauts)
 A = Elapsed time spent in this place.
 B = Non-inter-level travel time spent in this place.
 C = Inter-level travel time spent in this place.
 D = Time resting spent in this place.
 E = Time spent auto-exploring this place.
 F = Levels seen in this place.
 G = Mean time per level.
                   A        B        C        D        E       F      G
               +--------+--------+--------+--------+--------+-----+--------+
         Total |   6836 |   6664 |    172 |   1678 |   3917 |   7 |  976.6 |
       Dungeon |   6836 |   6664 |    172 |   1678 |   3917 |   7 |  976.6 |
               +--------+--------+--------+--------+--------+-----+--------+

Top non-repeatable levels by time:
     D:6: 2054 daAuts
     D:4: 1292 daAuts
     D:5: 1175 daAuts
     D:1: 748 daAuts
     D:2: 736 daAuts
     D:3: 664 daAuts
     D:7: 165 daAuts
